 Dungeon Crawl Stone Soup version 0.29.0-4-gdea44cf6ec (webtiles) character file.

Game seed: 18053074989985233644

263 qw the Chopper (level 6, 0/39 HPs)
             Began as a Gargoyle Berserker on Sept 6, 2022.
             Was a Priest of Trog.
             Slain by an iguana (10 damage)
             ... on level 4 of the Dungeon.
             The game lasted 00:01:11 (2966 turns).

qw the Chopper (Gargoyle Berserker)                 Turns: 2966, Time: 00:01:12

Health: 0/39       AC: 15    Str: 22    XL:     6   Next: 19%
Magic:  6/6        EV:  8    Int:  8    God:    Trog [***...]
Gold:   250        SH:  0    Dex:  9    Spells: 5/5 levels left

rFire   . . .      SeeInvis .   Y - +2 hand axe
rCold   . . .      Faith    .   (no shield)
rNeg    + . .      Spirit   .   d - +0 chain mail
rPois   inf        Reflect  .   (no helmet)
rElec   +          Harm     .   a - +0 cloak
rCorr   .          Rampage  .   (no gloves)
Will    .....                   h - +0 pair of boots
Stlth   ..........              (no amulet)
HPRegen 0.13/turn               (no ring)
MPRegen 0.10/turn               (no ring)

@: on berserk cooldown
A: sickness immunity, AC +4, negative energy resistance 1, electricity
resistance, torment resistance 1, petrification resistance
a: Renounce Religion, Berserk, Trog's Hand


You were on level 4 of the Dungeon.
You worshipped Trog.
Trog was most pleased with you.
You visited 1 branch of the dungeon, and saw 4 of its levels.

You collected 250 gold pieces.


Innate Abilities, Weirdness & Mutations

You are immune to sickness and miasma.
Your stone body is resilient. (AC +4)
You are immune to poison.
You resist negative energy. (rN+)
You are resistant to electric shocks. (rElec)
You are resistant to unholy torment.
You are immune to petrification.


   Skills:
 - Level 4.6 Fighting
 - Level 5.0 Axes
 - Level 1.1 Throwing
 + Level 2.9 Armour
 - Level 1.5 Dodging


You had 5 spell levels left.
You didn't know any spells.
Your spell library was empty.

Inventory:

Hand Weapons
 f - a +0 whip
 Y - a +2 hand axe (weapon)
Missiles
 b - 2 javelins (quivered)
Armour
 a - a +0 cloak (worn)
 d - a +0 chain mail (worn)
 h - a +0 pair of boots (worn)
 k - a +2 helmet
Scrolls
 j - a scroll of identify
Potions
 c - 5 potions of curing
 e - a potion of heal wounds {unknown}
 g - a potion of invisibility {unknown}
 i - a potion of haste {unknown}
 l - a potion of lignification {unknown}

Dungeon Overview and Level Annotations

Branches:
Dungeon (4/15)             Temple (0/1) D:4

Altars:


Message History

The orc hits you with a +3 dagger. The orc barely misses you.
You slash the orc!
You kill the orc!
Trog accepts your kill.
You hit the orc. The orc hits you but does no damage. x3
You hit the orc.
The orc is almost dead.
You hit the orc but do no damage. The orc hits you but does no damage.
The orc closely misses you.
You closely miss the orc.
The orc is almost dead.
You hit the orc. The orc hits you but does no damage. x2
An iguana comes into view.
The orc hits you but does no damage. The orc hits you with a +0 short sword.
The iguana hisses angrily.
You hit the orc.
You kill the orc!
Trog accepts your kill.
You hit the orc.
You kill the orc!
Trog accepts your kill.
You slash the orc priest!
The orc priest is almost dead.
You feel yourself speed up. The orc priest hits you with a +0 club.
The orc priest hits you but does no damage.
You closely miss the orc priest.
The orc priest is almost dead.
The orc priest hits you but does no damage.
You hit the orc priest.
You kill the orc priest!
Trog accepts your kill.
You closely miss the iguana. The iguana barely misses you.
You slash the iguana!
The iguana is heavily wounded.
The iguana bites you!
You die...

##### ## #######...# .
#.....^...## .# #.
#####.....#....#
....#.###.........##....
.......)).###.....##....
...#.#.### #.....#.....
#@# ########....
......l)# ##...
##.####.# ##.# #.# #.#
#.# ########)# ...
#......... #.#
#.###.#..# ..#
#.###.#..# ### ####
######.##..>..#


You could see an iguana.

Vanquished Creatures
  An orc priest (D:4)
  Terence (D:2)
  3 orc wizards (D:4)
  Robin (D:4)
  2 adders
  5 dart slugs
  10 orcs
  6 ball pythons
  4 endoplasms
  6 giant cockroaches
  16 goblins
  4 hobgoblins
  3 quokkas
  8 bats
  2 frilled lizards (D:2)
  9 kobolds
  3 rats
84 creatures vanquished.

Vanquished Creatures (others)
  A fungus (D:1)
  A plant (D:1)
2 creatures vanquished.

Grand Total: 86 creatures vanquished

Notes
Turn   | Place    | Note
-------+----------+-------------------------------------------
     0 | D:1      | qw the Gargoyle Berserker began the quest for the Orb.
     0 | D:1      | Reached XP level 1. HP: 14/14 MP: 1/1
     0 | D:1      | 0 ||| qw: Version: 0.1-a-107-g9ff403c
     0 | D:1      | 0 ||| qw: Game counter: 6103
     0 | D:1      | 0 ||| qw: Always use a shield: true
     0 | D:1      | 0 ||| qw: Do Orc after D:15 true
     0 | D:1      | 0 ||| qw: Do second Lair branch before Depths: true
     0 | D:1      | 0 ||| qw: Lair rune preference: random
     0 | D:1      | 0 ||| qw: Plans: Normal
     0 | D:1      | 0 ||| PLANNING D:1-11
    52 | D:1      | Reached skill level 3 in Axes
   113 | D:1      | Reached XP level 2. HP: 19/19 MP: 2/2
   447 | D:1      | Found a faded altar of an unknown god.
   649 | D:1      | Reached XP level 3. HP: 18/23 MP: 3/3
   738 | D:1      | 738 ||| UPGRADING to +0 chain mail.
   748 | D:1      | 748 ||| DROPPING +0 animal skin.
   749 | D:1      | 749 ||| READING scroll labelled IXEUST YFUETSI.
   750 | D:1      | 750 ||| READING scroll labelled GUGEKO WIPEAX.
   751 | D:1      | 751 ||| READING scroll labelled YGU ZE PIP.
   752 | D:1      | 752 ||| READING 2 scrolls labelled HEZEYG IQEOF.
   796 | D:2      | 796 ||| Stepping ~*~*~tactically~*~*~ (stealth).
   798 | D:2      | 798 ||| Stepping ~*~*~tactically~*~*~ (stealth).
   809 | D:2      | 809 ||| Stepping ~*~*~tactically~*~*~ (stealth).
   810 | D:2      | 810 ||| Stepping ~*~*~tactically~*~*~ (stealth).
   812 | D:2      | 812 ||| Stepping ~*~*~tactically~*~*~ (stealth).
   815 | D:2      | 815 ||| Stepping ~*~*~tactically~*~*~ (stealth).
   822 | D:2      | 822 ||| Stepping ~*~*~tactically~*~*~ (hiding).
   830 | D:2      | 830 ||| Stepping ~*~*~tactically~*~*~ (stealth).
   848 | D:2      | Reached ** piety under Trog
   865 | D:2      | 865 ||| READING scroll of enchant weapon.
   865 | D:2      | 865 ||| ENCHANTING +1 hand axe.
   873 | D:2      | Reached skill level 4 in Axes
  1115 | D:2      | 1115 ||| DRINKING 5 coppery potions.
  1117 | D:2      | 1117 ||| Stepping randomly (stuck).
  1210 | D:2      | 1210 ||| Stepping ~*~*~tactically~*~*~ (stealth).
  1300 | D:2      | 1300 ||| Stepping ~*~*~tactically~*~*~ (stealth).
  1300 | D:2      | Noticed Terence
  1301 | D:2      | 1301 ||| Stepping ~*~*~tactically~*~*~ (stealth).
  1302 | D:2      | 1302 ||| Stepping ~*~*~tactically~*~*~ (stealth).
  1303 | D:2      | 1303 ||| Stepping ~*~*~tactically~*~*~ (stealth).
  1304 | D:2      | 1304 ||| INVOKING Berserk.
  1308 | D:2      | Killed Terence
  1309 | D:2      | Reached XP level 4. HP: 28/28 MP: 4/4
  1631 | D:2      | 1631 ||| READING 3 scrolls of identify.
  1631 | D:2      | 1631 ||| IDENTIFYING dark potion
  1632 | D:2      | 1632 ||| READING 2 scrolls of identify.
  1632 | D:2      | 1632 ||| IDENTIFYING cyan potion
  1633 | D:2      | 1633 ||| DROPPING potion of degeneration.
  1634 | D:2      | 1634 ||| DROPPING potion of attraction.
  1666 | D:3      | 1666 ||| Stepping ~*~*~tactically~*~*~ (stealth).
  1667 | D:3      | 1667 ||| Stepping ~*~*~tactically~*~*~ (stealth).
  2171 | D:3      | 2171 ||| Stepping ~*~*~tactically~*~*~ (stealth).
  2172 | D:3      | 2172 ||| Stepping ~*~*~tactically~*~*~ (stealth).
  2173 | D:3      | 2173 ||| Stepping ~*~*~tactically~*~*~ (stealth).
  2187 | D:3      | 2187 ||| Stepping ~*~*~tactically~*~*~ (stealth).
  2267 | D:3      | Reached skill level 5 in Axes
  2510 | D:3      | 2510 ||| UPGRADING to +0 cloak.
  2515 | D:3      | 2515 ||| UPGRADING to +0 pair of boots.
  2520 | D:3      | 2520 ||| READING scroll labelled VUOM OVONEDWEM.
  2621 | D:3      | 2621 ||| READING scroll labelled QOWNEON ITIYB.
  2657 | D:4      | 2657 ||| Stepping ~*~*~tactically~*~*~ (stealth).
  2661 | D:4      | Noticed Robin
  2662 | D:4      | 2662 ||| Stepping ~*~*~tactically~*~*~ (stealth).
  2669 | D:4      | 2669 ||| INVOKING Berserk.
  2673 | D:4      | Killed Robin
  2674 | D:4      | Reached XP level 5. HP: 32/32 MP: 5/5
  2836 | D:4      | Found a staircase to the Ecumenical Temple.
  2923 | D:4      | 2923 ||| Stepping ~*~*~tactically~*~*~ (hiding).
  2929 | D:4      | 2929 ||| INVOKING Berserk.
  2933 | D:4      | Reached skill level 1 in Throwing
  2953 | D:4      | Reached XP level 6. HP: 27/39 MP: 6/6
  2956 | D:4      | Reached *** piety under Trog
  2966 | D:4      | Slain by an iguana

Levels and vault maps discovered:
D:1:      psy_arrival_terrarium, layout_basic,
          dreamdust_ecumenical_altar_hidden_monk_grotto
D:2:      layout_loops_ring, serial_glass, glass_columns_a, glass_columns_b,
          item_on_display_a, due_unseen_surprise, minmay_misc_feat_pillars,
          hangedman_feature_mirror, uniq_terence
D:3:      layout_loops_corners
D:4:      layout_loops_cross, temple_statues, minmay_ogre_servants, uniq_robin,
          uniq_blork_the_orc

Skill      XL: |  1  2  3  4  5 |
---------------+----------------+-----
Axes           | 3 4 5 |  5.0
Throwing       | 1 |  1.1
Fighting       | 4 |  4.6
Armour         | |  2.9
Dodging        | |  1.5

Action                   |  1- 3 |  4- 6 || total
-------------------------+-------+-------++-------
Melee: Hand axe          |    99 |    95 ||   194
Throw: Javelin           |       |     6 ||     6
Invok: Berserk           |     1 |     2 ||     3
  Use: Scroll            |     5 |     4 ||     9
       Potion            |     1 |       ||     1
Armor: Animal skin       |    10 |       ||    10
       Chain mail        |    37 |    58 ||    95
Dodge: Dodged            |    45 |    37 ||    82

Table legend:
 A = Non-vault XP
 B = Vault XP
 C = Vault XP percentage of total XP
 D = Non-vault monster count
 E = Vault monster count
 F = Vault count percentage of total count
                 A         B        C        D         E       F
            +---------+---------+-------+---------+---------+-------
      Total |     301 |      75 |  19.9 |      70 |      14 |  16.7
            +---------+---------+-------+---------+---------+-------
        D:1 |      36 |       0 |   0.0 |      18 |       0 |   0.0
        D:2 |      49 |      36 |  42.4 |      22 |       1 |   4.3
        D:3 |      37 |       0 |   0.0 |      13 |       0 |   0.0
        D:4 |     179 |      39 |  17.9 |      17 |      13 |  43.3
            +---------+---------+-------+---------+---------+-------
